 Dungeon Crawl Stone Soup version 0.26.1-10-gdfb7c7de75 (webtiles) character file.

Game seed: 12859516409894693122

1538 infcreate the Covert (level 8, -5/45 HPs)
             Began as a Vampire Enchanter on Apr 11, 2021.
             Was an Initiate of Dithmenos.
             Killed from afar by an orc wizard (6 damage)
             ... with a magic dart
             ... on level 7 of the Dungeon.
             The game lasted 00:19:26 (7804 turns).

infcreate the Covert (Vampire Enchanter)            Turns: 7804, Time: 00:19:27

Health: -5/45      AC:  9    Str:  7    XL:     8   Next: 56%
Magic:  9/13       EV: 16    Int: 17    God:    Dithmenos [......]
Gold:   406        SH:  0    Dex: 17    Spells: 2/14 levels left

rFire    + . .     SeeInvis +   a - +4 dagger
rCold    + + .     Faith    .   (no shield)
rNeg     + + +     Spirit   .   b - +0 robe
rPois    ∞         Reflect  .   v - +1 helmet of Qohucef {rF+}
rElec    .         Harm     .   t - +1 cloak
rCorr    .         Rampage  .   (no gloves)
Will     .....                  e - +2 pair of boots
Stlth    ++++++....             (no amulet)
HPRegen  0.00/turn              (no ring)
MPRegen  0.13/turn              (no ring)

@: confusing touch, bloodless
A: fangs 3, see invisible, unbreathing
a: Bat Form, Revivify, Renounce Religion


You were on level 7 of the Dungeon.
You worshipped Dithmenos.
Dithmenos was noncommittal.
You visited 2 branches of the dungeon, and saw 8 of its levels.

You collected 406 gold pieces.


Innate Abilities, Weirdness & Mutations

You do not regenerate when monsters are visible.
You are frail without blood (-20% HP).
You can heal yourself when you bite living creatures.
You are immune to poison.
You have razor-sharp teeth.
You have supernaturally acute eyesight. (SInv)
You can survive without breathing.


   Skills:
 + Level 2.8 Fighting
 * Level 5.2 Short Blades
 * Level 5.6 Dodging
 * Level 8.6 Stealth
 + Level 3.5 Spellcasting
 * Level 8.3 Hexes


You had 2 spell levels left.
You knew the following spells:

 Your Spells              Type           Power        Failure   Level
c - Corona                Hex            34%          1%          1
d - Tukima's Dance        Hex            31%          1%          3
e - Ensorcelled Hibernat  Hex/Ice        34%          4%          2
f - Dazzling Flash        Conj/Hex       34%          9%          3
t - Confusing Touch       Hex            31%          1%          3

Your spell library contained the following spells:

 Spells                   Type           Power        Failure   Level


Inventory:

Hand Weapons
 a - a +4 dagger (weapon)
Armour
 b - a +0 robe (worn)
 e - a +2 pair of boots (worn)
 t - a +1 cloak (worn)
 v - the +1 helmet of Qohucef (worn) {rF+}
   (You found it on level 6 of the Dungeon)

   It protects you from fire.
Wands
 n - a wand of flame (19)
Scrolls
 c - 4 scrolls of teleportation {@r4}
 d - a scroll of magic mapping {unknown}
 f - a scroll of random uselessness {unknown}
 h - 7 scrolls of remove curse {@r2}
 j - a scroll of identify {@r1}
 p - a scroll of fog
 q - a scroll of enchant armour {unknown}
Potions
 g - 5 potions of curing {unknown}
 i - 2 potions of lignification {unknown}
 k - a potion of magic {unknown}
 l - 2 potions of attraction {unknown}
 m - a potion of might {unknown}
 o - a potion of degeneration {unknown}
 r - a potion of flight {unknown}
 s - a potion of heal wounds {unknown}
 u - a potion of berserk rage {!q}

Dungeon Overview and Level Annotations

Branches:
Dungeon (7/15)             Temple (1/1) D:5

Altars:
Cheibriados
Dithmenos
Gozag
Hepliaklqana
Nemelex Xobeh
Trog
The Shining One

Annotations:
D:3 jombi's ghost, weakling KoDe

................▒).▒
.....>......▒.▒▒▒.▒▒
..............▒ ▒.▒
.............▒▒ ▒.▒
.............▒ ▒)▒
.............▒ ▒▒.▒
..........▒...▒▒..▒
.........▒▒.▒..▒.▒▒▒▒
▒▒▒...▒▒..▒.▒▒..@...▒▒
▒▒...▒..▒.▒▒.......▒▒
▒........o)........▒
▒▒▒.........o.......▒
............(........▒
........o.......†....▒
.....................▒
....................▒▒▒▒
.......................▒


You could see an orc priest and 2 orc wizards.


Message History

An orc priest is nearby!
Casting: Confusing Touch (safe; 1% risk of failure)
Confirm with . or Enter, or press ? or * to list all spells.
Aiming: Ensorcelled Hibernation (safe; 4% risk of failure)
Press: ? - help, Shift-Dir - straight line, f - orc priest
Aim: an orc priest, wearing a +0 scale mail (wandering, hasn't noticed you, chance to affect: 48%)
The orc priest shouts!
The orc priest resists with some effort.
The orc wizard shouts!
Casting: Ensorcelled Hibernation (safe; 4% risk of failure)
Confirm with . or Enter, or press ? or * to list all spells.
Your hands begin to glow red.
The orc wizard shouts!
The orc wizard casts a spell.
The orc wizard blinks!
The orc priest invokes the aid of Beogh against you.
Beogh smites you! The orc wizard casts a spell at you. The magic dart hits you!
The orc wizard casts a spell at itself.
The orc wizard flickers and vanishes for a moment.
The orc priest calls down the wrath of Beogh upon you.
Beogh smites you!
* * * LOW HITPOINT WARNING * * *
The orc wizard gestures at you while chanting.
The magic dart hits you!
* * * LOW HITPOINT WARNING * * *
The orc wizard points at you and mumbles some strange words.
The magic dart hits you.
You die...

Skill      XL: |  1  2  3  4  5  6  7  8 |
---------------+-------------------------+-----
Hexes          | 5 6 7 8 |  8.3
Short Blades   | 2 3 4 5 |  5.2
Stealth        | 5 6 7 8 |  8.6
Fighting       | 1 2 |  2.8
Dodging        | 3 4 5 |  5.6
Spellcasting   | 3 |  3.5

Action                   |  1- 3 |  4- 6 |  7- 9 || total
-------------------------+-------+-------+-------++-------
Melee: Dagger            |    81 |   190 |   114 ||   385
       Bite              |     7 |    12 |    15 ||    34
 Cast: Corona            |    16 |    11 |     2 ||    29
       Ensorcelled Hiber |    11 |    42 |    12 ||    65
       Confusing Touch   |       |    16 |    16 ||    32
       Tukima's Dance    |       |     1 |       ||     1
 Abil: Exsanguinate      |     1 |       |       ||     1
  Use: Scroll            |       |     7 |     1 ||     8
 Stab: Sleeping          |    21 |    53 |    15 ||    89
       Confused          |       |    10 |    12 ||    22
Armor: Robe              |    20 |    42 |    12 ||    74
Dodge: Dodged            |    60 |   106 |    55 ||   221

Levels and vault maps discovered:
D:1:      dpeg_arrival_simpleton_a, layout_basic, serial_bayou_pond_a
D:2:      layout_basic, uniq_natasha, uniq_jessica, uniq_robin
D:3:      layout_loops_corners, ebering_ghost_sewer_d, kennysheep_generic_room_5
D:4:      layout_loops_ring, st_stairs_14
D:5:      layout_basic, tso_metal_star, temple_green, uniq_grinder
D:6:      layout_rooms
D:7:      layout_rooms, nicolae_dithmenos_through_a_glass_darkly
Temple:   nicolae_temple_the_god_donut

Notes
Turn   | Place    | Note
-------+----------+-------------------------------------------
     0 | D:1      | infcreate the Vampire Enchanter began the quest for the
                  | Orb.
     0 | D:1      | Reached XP level 1. HP: 13/13 MP: 3/3
   296 | D:1      | Reached XP level 2. HP: 13/15 MP: 1/5
   299 | D:1      | Learned a level 2 spell: Ensorcelled Hibernation
   854 | D:1      | Reached XP level 3. HP: 19/20 MP: 2/6
  1047 | D:1      | Learned a level 3 spell: Confusing Touch
  1422 | D:2      | Reached skill level 5 in Hexes
  1429 | D:2      | Noticed Jessica
  1480 | D:2      | HP: 2/20 [Jessica/+5 club (1)]
  1481 | D:2      | Killed Jessica
  1482 | D:2      | Reached skill level 2 in Short Blades
  1482 | D:2      | Reached skill level 5 in Stealth
  1811 | D:2      | Reached XP level 4. HP: 24/24 MP: 7/7
  1947 | D:2      | Noticed Natasha
  2202 | D:2      | Noticed Robin
  2207 | D:2      | Reached skill level 1 in Fighting
  2225 | D:2      | Killed Robin
  2226 | D:2      | Reached skill level 3 in Dodging
  2735 | D:2      | Killed Natasha
  2736 | D:2      | Reached XP level 5. HP: 29/29 MP: 8/8
  3553 | D:3      | Found a runed translucent door.
  3555 | D:3      | Noticed jombi's ghost (weakling KoDe)
  4805 | D:4      | Reached skill level 3 in Short Blades
  4805 | D:4      | Reached skill level 6 in Stealth
  4805 | D:4      | Reached XP level 6. HP: 34/34 MP: 9/9
  4814 | D:4      | Learned a level 3 spell: Tukima's Dance
  4908 | D:4      | Reached skill level 6 in Hexes
  5597 | D:5      | Entered Level 5 of the Dungeon
  5787 | D:5      | Found a staircase to the Ecumenical Temple.
  5796 | Temple   | Entered the Ecumenical Temple
  5814 | Temple   | Became a worshipper of Dithmenos the Shadowed
  5929 | D:5      | Reached skill level 4 in Dodging
  5952 | D:5      | Reached XP level 7. HP: 27/39 MP: 3/11
  6076 | D:5      | Found a glowing golden altar of the Shining One.
  6312 | D:5      | Noticed Grinder
  6370 | D:6      | Reached skill level 7 in Stealth
  6388 | D:6      | Got a jewelled helmet
  6389 | D:6      | Identified the +1 helmet of Qohucef {rF+} (You found it on
                  | level 6 of the Dungeon)
  6418 | D:6      | Reached skill level 2 in Fighting
  6418 | D:6      | Reached skill level 4 in Short Blades
  6446 | D:6      | Reached skill level 7 in Hexes
  6571 | D:6      | Reached skill level 3 in Spellcasting
  7056 | D:7      | Reached XP level 8. HP: 44/44 MP: 12/12
  7060 | D:7      | Reached skill level 5 in Dodging
  7070 | D:6      | Learned a level 3 spell: Dazzling Flash
  7102 | D:5      | Killed Grinder
  7103 | D:5      | Reached skill level 8 in Stealth
  7109 | D:5      | Reached skill level 5 in Short Blades
  7113 | D:5      | Reached skill level 8 in Hexes
  7226 | D:7      | Found a shadowy altar of Dithmenos.
  7803 | D:7      | HP: 1/45 [orc wizard/magic dart (7)]
  7804 | D:7      | Killed from afar by an orc wizard

Vanquished Creatures
  Grinder (D:5)
  A sky beast (D:6)
  An ogre (D:6)
  2 centaurs (D:5)
  A bullfrog (D:7)
  4 scorpions
  An orc priest (D:7)
  A jelly (D:5)
  2 hounds
  2 orc wizards (D:4)
  A centaur skeleton (D:6)
  Jessica (D:2)
  5 worker ants
  An iguana (D:6)
  Natasha (D:2)
  Robin (D:2)
  11 adders
  A shadow imp (D:5)
  3 white imps
  An ufetubus (D:5)
  2 oozes
  3 worms
  2 dart slugs (D:1)
  4 leopard geckos
  17 orcs
  12 bats
  5 giant cockroaches
  13 goblins
  6 hobgoblins
  10 jackals
  4 quokkas
  4 ball pythons
  5 frilled lizards
  7 kobolds
  A leopard gecko skeleton (D:4)
  A quokka skeleton (D:6)
  10 rats
148 creatures vanquished.

Vanquished Creatures (collateral kills)
  An ogre (D:5)
1 creature vanquished.

Vanquished Creatures (others)
  2 plants (D:1)
2 creatures vanquished.

Grand Total: 151 creatures vanquished

Table legend: (Time is in decaauts)
 A = Elapsed time spent in this place.
 B = Non-inter-level travel time spent in this place.
 C = Inter-level travel time spent in this place.
 D = Time resting spent in this place.
 E = Time spent auto-exploring this place.
 F = Levels seen in this place.
 G = Mean time per level.
                   A        B        C        D        E       F      G
               +--------+--------+--------+--------+--------+-----+--------+
         Total |   7766 |   7356 |    410 |    985 |   4441 |   8 |  970.8 |
       Dungeon |   7734 |   7324 |    410 |    985 |   4432 |   7 | 1104.9 |
        Temple |     31 |     31 |      0 |      0 |      9 |   1 |   31.0 |
               +--------+--------+--------+--------+--------+-----+--------+

Top non-repeatable levels by time:
     D:3: 1866 daAuts
     D:1: 1414 daAuts
     D:2: 1377 daAuts
     D:4: 954 daAuts
     D:6: 780 daAuts
     D:5: 741 daAuts
     D:7: 600 daAuts
  Temple: 31 daAuts

Table legend:
 A = Non-vault XP
 B = Vault XP
 C = Vault XP percentage of total XP
 D = Non-vault monster count
 E = Vault monster count
 F = Vault count percentage of total count
                 A         B        C        D         E       F
            +---------+---------+-------+---------+---------+-------
      Total |    1778 |     420 |  19.1 |     133 |      16 |  10.7
            +---------+---------+-------+---------+---------+-------
        D:1 |      55 |       0 |   0.0 |      31 |       0 |   0.0
        D:2 |      54 |     114 |  67.9 |      20 |      10 |  33.3
        D:3 |      70 |      29 |  29.3 |      23 |       5 |  17.9
        D:4 |     159 |       0 |   0.0 |      22 |       0 |   0.0
        D:5 |     490 |     277 |  36.1 |      10 |       1 |   9.1
        D:6 |     551 |       0 |   0.0 |      16 |       0 |   0.0
        D:7 |     399 |       0 |   0.0 |      11 |       0 |   0.0
            +---------+---------+-------+---------+---------+-------
